 Dungeon Crawl Stone Soup version 0.28-a0-1213-g0243856f03 (webtiles) character file.

Game seed: 7860490841571415560

6675 pokeman the Thaumaturge (level 10, -7/56 HPs)
             Began as a Deep Elf Hedge Wizard on Dec 21, 2021.
             Was a Priest of Vehumet.
             Mangled by a sun demon (19 damage)
             ... summoned by a kobold demonologist
             ... on level 9 of the Dungeon.
             The game lasted 00:30:16 (11957 turns).

pokeman the Thaumaturge (Deep Elf Hedge Wizard)    Turns: 11957, Time: 00:30:16

Health: -7/56      AC: 11    Str:  7    XL:     10   Next: 73%
Magic:  20/30      EV: 13    Int: 24    God:    Vehumet [***...]
Gold:   789        SH:  5    Dex: 14    Spells: 26/37 levels left

rFire   . . .      SeeInvis .   q - staff of conjuration
rCold   . . .      Faith    .   (no shield)
rNeg    + . .      Spirit   .   J - +0 steam dragon scales
rPois   .          Reflect  +   C - +1 helmet
rElec   .          Harm     .   F - +1 cloak
rCorr   .          Rampage  .   M - +0 pair of gloves
Will    +....                   (no boots)
Stlth   ++........              y - amulet of reflection
HPRegen 0.18/turn               H - ring of positive energy
MPRegen 0.22/turn               (no ring)

@: no status effects
A: no striking features
a: Renounce Religion


You were on level 9 of the Dungeon.
You worshipped Vehumet.
Vehumet was most pleased with you.
You visited 2 branches of the dungeon, and saw 10 of its levels.
You also visited: Bailey.

You collected 789 gold pieces.

Inventory:

Hand Weapons
 G - a +0 arbalest
 K - a +3 hand axe of electrocution
 R - the +8 dagger "Acarineslayer" {vorpal, rCorr Str+3 SInv}
   (You found it on level 8 of the Dungeon)

   It inflicts extra damage upon your enemies.
   Str:       It affects your strength (+3).
   SInv:      It lets you see invisible.
   rCorr:     It protects you from acid and corrosion.
 T - a +0 shortbow
Missiles
 a - 4 curare-tipped darts
 n - 168 arrows
 E - a throwing net
 N - 44 bolts
Armour
 C - a +1 helmet (worn)
 F - a +1 cloak (worn)
 J - +0 steam dragon scales (worn)
 M - a +0 pair of gloves (worn)
 O - the -1 helmet "Luaria" {Harm rElec}
   (You found it in a bailey)

   rElec:     It insulates you from electricity.
   Harm:      It increases damage dealt and taken.
 Q - a +0 buckler
Magical Staves
 g - a staff of fire
 q - a staff of conjuration (weapon)
Jewellery
 l - an amulet of regeneration
 y - an amulet of reflection (around neck)
 H - a ring of positive energy (left hand)
Wands
 I - a wand of polymorph (9)
 P - a wand of paralysis (20)
 V - a wand of flame (5)
 W - a wand of mindburst (3)
Scrolls
 b - 3 scrolls of vulnerability {unknown}
 c - 5 scrolls of immolation {unknown}
 d - 11 scrolls of identify {unknown}
 e - a scroll of noise {unknown}
 i - a scroll of amnesia {unknown}
 j - 2 scrolls of fear {unknown}
 k - a scroll of torment {unknown}
 r - 3 scrolls of teleportation {unknown}
 s - 2 scrolls of fog {unknown}
 u - 2 scrolls of summoning
 B - a scroll of blinking {unknown}
 D - a scroll of acquirement {unknown}
 L - a scroll of enchant armour {unknown}
Potions
 f - 4 potions of curing
 h - a potion of brilliance {unknown}
 m - 3 potions of mutation {unknown}
 o - 4 potions of lignification {unknown}
 p - 3 potions of degeneration {unknown}
 t - a potion of flight {unknown}
 v - a potion of might {unknown}
 x - 2 potions of heal wounds
 z - a potion of invisibility {unknown}
 A - 2 potions of attraction {unknown}
 S - a potion of haste {unknown}
Miscellaneous
 U - a piece from Xom's chessboard (15/15)


   Skills:
 - Level 4.1 Fighting
 - Level 3.0 Armour
 - Level 3.0 Dodging
 - Level 3.0 Stealth
 + Level 2.1 Shields
 * Level 14.1 Spellcasting
 + Level 8.1 Conjurations
 - Level 1.1 Summonings
 - Level 1.1 Translocations
 + Level 7.3 Fire Magic
 - Level 1.0 Air Magic
 - Level 1.1 Poison Magic
 - Level 1.0 Evocations


You had 26 spell levels left.
You knew the following spells:

 Your Spells              Type           Power      Damage    Failure   Level
a - Magic Dart            Conj           100%       1d8       1%          1
b - Mephitic Cloud        Conj/Pois/Air  50%        N/A       1%          3
c - Call Imp              Summ           22%        N/A       3%          2
d - Blink                 Tloc           44%        N/A       3%          2
e - Conjure Flame         Conj/Fire      69%        6-21      1%          3

Your spell library contained the following spells:

 Spells                   Type           Power      Damage    Failure   Level
 Ignite Poison            Fire/Tmut/Pois 30%        N/A       1%          3
 Static Discharge         Conj/Air       55%        N/A       1%          2
 Inner Flame              Hex/Fire       34%        N/A       1%          3
 Sticky Flame             Conj/Fire      69%        2d8       1%          4
 Apportation              Tloc           44%        N/A       2%          1
 Summon Small Mammal      Summ           88%        N/A       2%          1
 Animate Skeleton         Necr           32%        N/A       3%          1
 Slow                     Hex            64%        N/A       3%          1
 Frozen Ramparts          Ice            32%        1d5       3%          3
 Call Canine Familiar     Summ           22%        N/A       7%          3
 Portal Projectile        Hex/Tloc       38%        N/A       9%          3
 Summon Ice Beast         Ice/Summ       19%        N/A       28%         4
 Cause Fear               Hex            8%         N/A       34%         4
 Dispel Undead            Necr           16%        3d10      34%         4
 Ice Form                 Ice/Tmut       16%        N/A       34%         4
 Leda's Liquefaction      Hex/Erth       8%         N/A       34%         4
 Discord                  Hex            8%         N/A       100%        8


Dungeon Overview and Level Annotations

Branches:
Dungeon (9/15)             Temple (1/1) D:4            Lair (0/6) D:8
 Bailey (visited)
    Orc: D:9-12

Altars:
Ashenzari
Cheibriados
Dithmenos
Elyvilon
Hepliaklqana
Kikubaaqudgha
Makhleb
Okawaru
Qazlal
Ru
Sif Muna
Trog
Uskayaw
Vehumet
Wu Jian
Xom
Yredelemnul
The Shining One

Annotations:
D:5 1 runed translucent door, zxpr0jk's ghost, novice DrIE
D:9 4 transporters, exclusion: door


Message History

Casting: Conjure Flame (safe; 1% risk of failure)
Confirm with . or Enter, or press ? or * to list all spells.
You feel a surge of power!
The fire begins to smoulder!
The kobold brigand is engulfed in noxious fumes.
The kobold brigand appears confused.
Unknown command.
The kobold demonologist is engulfed in noxious fumes.
The kobold demonologist looks satisfied for a moment.
The kobold brigand hits the kobold demonologist with a +0 club.
The fire ignites!
Unknown command.
The kobold demonologist is engulfed in blazing flames.
The kobold demonologist barely misses you.
Unknown command.
Casting: Conjure Flame (safe; 1% risk of failure)
Confirm with . or Enter, or press ? or * to list all spells.
You feel a surge of power!
The fire begins to smoulder!
The kobold demonologist is engulfed in blazing flames.
The kobold brigand is engulfed in noxious fumes.
The kobold demonologist casts a spell.
Unknown command.
The kobold demonologist hits you but does no damage.
The kobold brigand is engulfed in blazing flames.
The kobold brigand gestures wildly.
The kobold brigand closely misses you. The sun demon hits you!
You are engulfed in flames!!
The fire ignites!
Unknown command.
The kobold demonologist hits you but does no damage.
The kobold brigand is engulfed in blazing flames.
The kobold demonologist is engulfed in noxious fumes.
The kobold demonologist appears confused.
Unknown command.
The kobold brigand is engulfed in blazing flames.
The kobold demonologist is engulfed in blazing flames.
The kobold demonologist hits the kobold brigand with a +0 dagger.
The kobold demonologist is engulfed in blazing flames.
The sun demon hits you!
* * * LOW HITPOINT WARNING * * *
You are engulfed in flames!!
You die...

#...........#. #...........#.
....# #...........#. ....##
########...........#. .....#
#..................#. .....#
#..................#. ....#
####>.................#' ....##
##..#.................... .....#
#...####@#########..##.## .....#
#.......3........#..##.##
..†..####................#..#P..#
........#....K...........#†.##P.#
##.###..##..##KK...##....#.###.##
#.# #......##§§§..#######.#P^^..
.#.#.#......###K#####....#.#^P..P
............#.......#....#.#P._.P
.......###+##.......'....#.#PP.P.


You could see a sun demon (summoned), 2 kobold demonologists, a kobold brigand
(confused) and a kobold.

Vanquished Creatures
  A boulder beetle (D:9)
  Erica (D:9)
  A two-headed ogre (D:6)
  An orc knight (Bailey)
  Maggie (D:7)
  A wraith (D:7)
  3 vampire mosquitoes (D:8)
  Edmund (D:5)
  3 water moccasins
  4 orc warriors
  An ice beast (D:6)
  A black bear (D:5)
  2 necrophages
  2 centaurs (D:9)
  3 kobold brigands
  2 bullfrogs
  Blork the orc (D:6)
  A gnoll sergeant (D:6)
  3 scorpions
  A wyvern skeleton (D:6)
  5 killer bees (D:7)
  6 howler monkeys
  3 vampire bats (D:5)
  2 bullfrog zombies
  A gnoll shaman (D:4)
  A centaur skeleton (D:7)
  4 hounds
  3 orc priests
  3 jellies
  A bullfrog skeleton (D:6)
  Terence (D:2)
  3 iguanas
  5 orc wizards
  A killer bee zombie (D:5)
  A hound zombie (D:4)
  2 howler monkey zombies
  7 gnolls
  11 adders
  A shadow imp (D:5)
  4 white imps
  2 ufetubi
  An adder skeleton (D:4)
  A worm (D:2)
  A dart slug (D:5)
  28 orcs
  5 ball pythons
  13 bats
  8 endoplasms
  2 giant cockroaches
  12 goblins
  7 hobgoblins
  2 jackals (D:4)
  23 kobolds
  8 frilled lizards
  4 rats
216 creatures vanquished.

Vanquished Creatures (collateral kills)
  An orc wizard (D:4)
1 creature vanquished.

Vanquished Creatures (others)
  An orc wizard (D:8)
  3 orcs (D:8)
4 creatures vanquished.

Grand Total: 221 creatures vanquished

Notes
Turn   | Place    | Note
-------+----------+-------------------------------------------
     0 | D:1      | pokeman the Deep Elf Hedge Wizard began the quest for the
                  | Orb.
     0 | D:1      | Reached XP level 1. HP: 10/10 MP: 7/7
   267 | D:1      | Reached XP level 2. HP: 16/16 MP: 6/9
   619 | D:1      | Reached skill level 5 in Spellcasting
   964 | D:2      | Found a faded altar of an unknown god.
  1053 | D:2      | Reached XP level 3. HP: 20/20 MP: 8/11
  1057 | D:2      | Learned a level 3 spell: Mephitic Cloud
  1060 | D:2      | Learned a level 2 spell: Call Imp
  1063 | D:2      | Learned a level 2 spell: Blink
  1067 | D:2      | Learned a level 3 spell: Conjure Flame
  1210 | D:2      | Reached skill level 1 in Armour
  1684 | D:2      | Reached skill level 1 in Fighting
  1791 | D:2      | Noticed Terence
  1803 | D:2      | Killed Terence
  1804 | D:2      | Reached XP level 4. HP: 15/25 MP: 5/13
  2442 | D:3      | Found a snail-covered altar of Cheibriados.
  2483 | D:3      | Reached skill level 1 in Fire Magic
  2614 | D:3      | Found a bloodstained altar of Trog.
  2983 | D:3      | Reached skill level 6 in Spellcasting
  2983 | D:3      | Reached XP level 5. HP: 29/29 MP: 9/15
  3261 | D:3      | Found a burning altar of Makhleb.
  3527 | D:4      | Found a staircase to the Ecumenical Temple.
  3536 | Temple   | Entered the Ecumenical Temple
  3561 | Temple   | Became a worshipper of Vehumet
  3621 | D:4      | Reached skill level 1 in Air Magic
  3778 | D:4      | Reached XP level 6. HP: 10/34 MP: 2/17
  3911 | D:4      | Reached skill level 1 in Poison Magic
  4150 | D:4      | Reached skill level 7 in Spellcasting
  4158 | D:4      | Reached skill level 1 in Evocations
  4501 | D:4      | Reached * piety under Vehumet
  4501 | D:4      | Offered knowledge of Sandblast by Vehumet.
  4508 | D:4      | Found a basalt altar of Yredelemnul.
  4848 | D:5      | Entered Level 5 of the Dungeon
  4857 | D:5      | Reached XP level 7. HP: 39/39 MP: 10/20
  4979 | D:5      | Found a shimmering blue altar of Sif Muna.
  4998 | D:5      | Noticed Edmund
  5010 | D:5      | Killed Edmund
  5011 | D:5      | Reached skill level 8 in Spellcasting
  5463 | D:5      | Noticed zxpr0jk's ghost (novice DrIE)
  5464 | D:5      | Found a runed translucent door.
  5662 | D:5      | Reached XP level 8. HP: 44/44 MP: 14/22
  5774 | D:5      | Reached skill level 9 in Spellcasting
  6534 | D:6      | Noticed a two-headed ogre
  6542 | D:6      | Killed a two-headed ogre
  6543 | D:6      | Reached skill level 10 in Spellcasting
  6543 | D:6      | Reached skill level 5 in Conjurations
  6727 | D:6      | Offered knowledge of Scorch by Vehumet.
  6739 | D:6      | Reached XP level 9. HP: 43/48 MP: 12/25
  6753 | D:6      | Reached ** piety under Vehumet
  6827 | D:6      | Noticed Blork the orc
  6846 | D:6      | Killed Blork the orc
  7081 | D:6      | Reached skill level 11 in Spellcasting
  7179 | D:6      | Reached skill level 5 in Fire Magic
  8001 | D:7      | Noticed Maggie
  8026 | D:7      | Killed Maggie
  8108 | D:7      | Reached skill level 12 in Spellcasting
  9120 | D:8      | Found a flagged portal.
  9191 | Bailey   | Entered a bailey
  9223 | Bailey   | Offered knowledge of Ignite Poison by Vehumet.
  9451 | Bailey   | Identified the -1 helmet "Luaria" {Harm rElec}
  9462 | Bailey   | Noticed an orc knight
  9523 | Bailey   | Killed an orc knight
  9524 | Bailey   | Reached XP level 10. HP: 47/56 MP: 14/28
  9663 | Bailey   | Found an iron altar of Okawaru.
  9762 | D:8      | Reached *** piety under Vehumet
  9763 | D:8      | Reached skill level 13 in Spellcasting
  9972 | D:8      | Found a staircase to the Lair.
  9977 | D:8      | Identified the +8 dagger "Acarineslayer" {vorpal, rCorr
                  | Str+3 SInv}
 10089 | D:8      | Found a shadowy altar of Dithmenos.
 10093 | D:8      | Found a hazy altar of Hepliaklqana.
 10392 | D:9      | Found a white marble altar of Elyvilon.
 10723 | D:9      | Noticed a boulder beetle
 10921 | D:9      | Reached skill level 1 in Shields
 10992 | D:9      | Found a sacrificial altar of Ru.
 11008 | D:9      | Found a transporter.
 11015 | D:9      | Found a transporter.
 11034 | D:9      | Noticed Erica
 11222 | D:9      | Found a transporter.
 11229 | D:9      | Killed Erica
 11512 | D:9      | Found a transporter.
 11517 | D:9      | Found a transporter.
 11517 | D:9      | Found a transporter.
 11742 | D:9      | Killed a boulder beetle
 11743 | D:9      | Reached skill level 14 in Spellcasting
 11953 | D:9      | Noticed a sun demon
 11957 | D:9      | Mangled by a sun demon

Illustrated notes

Levels and vault maps discovered:
D:1:      dpeg_arrival_pond, layout_rooms
D:2:      minmay_alternating_diamond, layout_basic,
          ebering_ecumenical_altar_ruins, minmay_lizard_pond, uniq_terence
D:3:      layout_loops_ring, trog_book, lemuel_round_altar, bloody_makhleb,
          serial_rivers, chequers_serial_rivers_small_a,
          chequers_serial_rivers_micro_b, chequers_serial_rivers_micro_a,
          chequers_serial_rivers_room_b, chequers_serial_rivers_micro_a,
          chequers_serial_rivers_room_b
D:4:      layout_gridville, lemuel_zombie_altar_yredelemnul,
          minmay_temple_entry_mini_moons, serial_bayou_pond_a
D:5:      layout_layer_cave, mainiacjoe_overflow_chevrons,
          hellmonk_ghost_happy_afterlife, roderic_batcave, uniq_edmund
D:6:      minmay_recursive_quarters, layout_basic, kennysheep_small_spiral,
          kennysheep_doodads, uniq_blork_the_orc
D:7:      layout_cave_pools, uniq_maggie
D:8:      layout_rooms, mainiacjoe_overflow_small_starburst,
          mainiacjoe_overflow_catwalk, dpeg_oklobed_lair, enter_bailey_3
D:9:      layout_gridville, kennysheep_little_box,
          nicolae_ru_the_path_less_chosen, minmay_misc_feat_nine_boxes,
          serial_nicolae_subway, nicolae_sub_station_crystal,
          nicolae_sub_station_metal, nicolae_sub_station_stone, uniq_erica
Temple:   chequers_temple_sunken

Skill      XL: |  1  2  3  4  5  6  7  8  9 10 |
---------------+-------------------------------+-----
Spellcasting   | 5 6 7 8 10 12 14 | 14.1
Armour         | 1 3 |  3.0
Conjurations   | 2 3 4 5 7 8 |  8.1
Fighting       | 1 2 3 4 |  4.1
Fire Magic     | 1 2 3 4 6 7 |  7.3
Dodging        | 3 |  3.0
Air Magic      | 1 |  1.0
Stealth        | 3 |  3.0
Poison Magic   | 1 |  1.1
Evocations     | 1 |  1.0
Shields        | 2 |  2.1
Summonings     | |  1.1
Translocations | |  1.1

Action                   |  1- 3 |  4- 6 |  7- 9 | 10-12 || total
-------------------------+-------+-------+-------+-------++-------
Melee: Dagger            |    10 |     7 |       |       ||    17
       Staff             |       |    11 |    24 |    11 ||    46
Throw: Dart              |       |     2 |       |       ||     2
 Cast: Magic Dart        |   118 |   128 |   304 |    83 ||   633
       Mephitic Cloud    |     1 |     6 |    24 |    21 ||    52
       Conjure Flame     |     1 |     4 |    23 |    16 ||    44
       Call Imp          |       |     1 |     2 |     6 ||     9
       Blink             |       |     1 |    17 |     5 ||    23
Evoke: Wand              |       |       |       |     7 ||     7
  Use: Potion            |       |     1 |     1 |       ||     2
 Stab: Confused          |       |       |     1 |     1 ||     2
       Paralysed         |       |       |       |     3 ||     3
Armor: Leather armour    |     5 |     6 |    10 |       ||    21
       Steam dragon scal |       |       |     8 |    23 ||    31
Dodge: Dodged            |    15 |    29 |    72 |    48 ||   164
Block: Other             |       |       |    21 |    15 ||    36
       Reflection        |       |       |       |     3 ||     3

Table legend: (Time is in decaauts)
 A = Elapsed time spent in this place.
 B = Non-inter-level travel time spent in this place.
 C = Inter-level travel time spent in this place.
 D = Time resting spent in this place.
 E = Time spent auto-exploring this place.
 F = Levels seen in this place.
 G = Mean time per level.
                   A        B        C        D        E       F      G
               +--------+--------+--------+--------+--------+-----+--------+
         Total |  11995 |  11765 |    230 |   1305 |   8285 |  11 | 1090.5 |
       Dungeon |  11439 |  11235 |    204 |   1264 |   8083 |   9 | 1271.0 |
        Temple |     46 |     20 |     26 |      0 |     13 |   1 |   46.0 |
        Bailey |    508 |    508 |      0 |     41 |    188 |   1 |  508.0 |
               +--------+--------+--------+--------+--------+-----+--------+

Top non-repeatable levels by time:
     D:5: 1820 daAuts
     D:9: 1606 daAuts
     D:6: 1416 daAuts
     D:4: 1415 daAuts
     D:2: 1397 daAuts
     D:1: 1041 daAuts
     D:7: 1011 daAuts
     D:3: 956 daAuts
     D:8: 773 daAuts
  Bailey: 508 daAuts
  Temple: 46 daAuts
